 Dungeon Crawl Stone Soup version 0.20.2-3-g29329e0561 (webtiles) character file.

6077 Alfie the Blocker (level 10, -6/88 HPs)
             Began as a Hill Orc Fighter on June 22, 2023.
             Mangled by a two-headed ogre
             ... wielding a +0 giant spiked club
              (10 damage)
             ... on level 10 of the Dungeon on June 26, 2023.
             The game lasted 00:28:20 (6728 turns).

Alfie the Blocker (Hill Orc Fighter)                Turns: 6728, Time: 00:28:20

Health: -6/88      AC: 15    Str: 23    XL:     10   Next: 88%
Magic:  10/10      EV: 10    Int:  8    God:
Gold:   391        SH: 12    Dex: 10    Spells: 0/9 levels left

rFire    . . .     SeeInvis .   y - +6 mace of the Slime-mould {crush, rElec rN++}
rCold    . . .     Gourm    .   c - +1 shield
rNeg     + + .     Faith    .   b - +1 scale mail
rPois    .         Spirit   .   z - +0 helmet
rElec    +         Reflect  .   d - +0 cloak
rCorr    .         Harm     .   t - +0 pair of gloves
MR       .....                  q - +1 pair of boots
Stlth    ..........             (no amulet)
Regen    0.3/turn               (no ring)
MPRegen  0.2/turn               (no ring)

@: starving
A: no striking features
a: no special abilities


You were on level 10 of the Dungeon.
You were starving.

You visited 2 branches of the dungeon, and saw 11 of its levels.

You collected 391 gold pieces.

Inventory:

Hand Weapons
 a - a +1 rapier
 y - the +6 mace of the Slime-mould (weapon) {crush, rElec rN++}
   (You found it on level 7 of the Dungeon)

   It inflicts extra damage upon your enemies.
   It insulates you from electricity.
   It greatly protects you from negative energy.
Missiles
 r - 8 tomahawks (quivered)
Armour
 b - a +1 scale mail (worn)
 c - a +1 shield (worn)
 d - a +0 cloak (worn)
 q - a +1 pair of boots (worn)
 t - a +0 pair of gloves (worn)
 z - a +0 helmet (worn)
Jewellery
 A - a +6 ring of intelligence {unknown}
 G - an uncursed amulet of rage {unknown}
Wands
 h - a wand of confusion (9/48)
 l - a wand of flame (31/48)
 E - a wand of flame (41/48)
 F - a wand of iceblast (5/15)
Scrolls
 g - a scroll of magic mapping
 j - 2 scrolls of fog
 s - a scroll of recharging
Potions
 e - 2 potions of flight
 i - a potion of haste {unknown}
 m - 4 potions of agility
 n - a potion of lignification {unknown}
 o - 5 potions of curing
 p - a potion of invisibility {unknown}
 u - a potion of magic {unknown}
 w - a potion of berserk rage
 x - 2 potions of brilliance {unknown}
 D - a potion of might
 H - a potion of ambrosia {unknown}
 I - a potion of mutation {unknown}
Books
 J - a book of Party Tricks

   Spells                             Type                      Level
   a - Summon Butterflies             Summoning                    1
   b - Apportation                    Translocation                1
   c - Lesser Beckoning               Translocation                3
   d - Tukima's Dance                 Hexes                        3
   e - Alistair's Intoxication        Transmutation/Poison         5
   f - Invisibility                   Hexes                        6
 K - a book of Cantrips

   Spells                             Type                      Level
   a - Confusing Touch                Hexes                        1
   b - Animate Skeleton               Necromancy                   1
   c - Summon Small Mammal            Summoning                    1
   d - Apportation                    Translocation                1
Comestibles
 f - 4 bread rations
 k - 8 meat rations
 v - 5 royal jellies
 C - 13 fruits


   Skills:
 + Level 7.8 Fighting
 + Level 7.0 Short Blades
 + Level 8.7 Maces & Flails
 + Level 7.6 Armour
 + Level 3.5 Dodging
 + Level 0.3 Stealth
 + Level 8.7 Shields
 + Level 0.6 Evocations


You couldn't memorise any spells.
You knew the following spells:

 Your Spells              Type           Power        Failure   Level  Hunger
a - Shock                 Conj/Air       #...         91%         1    ##.....
b - Airstrike             Air            #.........   100%        4    #####..
c - Confusing Touch       Hex            #.....       91%         1    ##.....
d - Gell's Gravitas       Tloc           #.........   100%        3    ####...


Dungeon Overview and Level Annotations

Branches:
Dungeon (10/15)            Temple (0/1) D:6            Lair (1/6) D:8
    Orc (0/2) D:9

Altars:
Cheibriados
Gozag
Kikubaaqudgha
Qazlal
Ru
Uskayaw
Vehumet
Yredelemnul
Zin
The Shining One

Shops:
D:4 [


Message History

You block the two-headed ogre's attack. x2
You completely miss the two-headed ogre.
The two-headed ogre is lightly wounded.
The two-headed ogre hits you with a giant spiked club!
* * * LOW HITPOINT WARNING * * *
You block the two-headed ogre's attack.
You thump the two-headed ogre!
The two-headed ogre is moderately wounded.
You feel better. The two-headed ogre closely misses you.
You block the two-headed ogre's attack.
You hit the two-headed ogre.
The two-headed ogre is heavily wounded.
The two-headed ogre hits you with a giant spiked club.
* * * LOW HITPOINT WARNING * * *
The two-headed ogre hits you with a giant club!
* * * LOW HITPOINT WARNING * * *
You barely miss the two-headed ogre.
The two-headed ogre is heavily wounded.
The two-headed ogre hits you with a giant spiked club!
You die...

.........#####.....
.....##.##....#
#....)†≈# #.<....##
#.....####
#........##.
#.......[.).
#...........
#..=@.......
#...O.......
####........
#........ .........
......... #........
##.......


You could see a two-headed ogre.

Vanquished Creatures
  A hydra (D:9)
  An elephant (D:8)
  2 dream sheep (D:9)
  2 hippogriffs
  3 yaks
  A basilisk (D:8)
  2 hungry ghosts
  2 water moccasins
  A black bear (D:7)
  A necrophage (D:8)
  An orc warrior (D:8)
  2 sky beasts
  A hornet zombie (D:8)
  4 centaurs
  An ogre (D:7)
  A crocodile (D:8)
  3 big kobolds (D:9)
  3 bullfrogs (D:7)
  A wyvern zombie (D:9)
  4 killer bees (D:8)
  2 vampire bats (D:2)
  5 wights (D:9)
  4 howler monkeys
  2 bullfrog zombies
  4 crimson imps
  3 orc priests
  3 orc wizards
  Crazy Yiuf (D:7)
  A bullfrog skeleton (D:10)
  3 hounds
  2 jellies
  An iron imp (D:7)
  An iguana (D:5)
  10 worker ants
  A killer bee zombie (D:6)
  Robin (D:2)
  A howler monkey skeleton (D:9)
  14 adders
  An adder skeleton (D:5)
  An adder zombie (D:6)
  4 worms
  4 dart slugs
  4 leopard geckos
  18 orcs
  A ball python (D:4)
  3 bats
  2 bat skeletons (D:2)
  3 bat zombies (D:2)
  8 giant cockroaches
  16 goblins
  11 hobgoblins
  8 jackals
  4 quokkas
  6 frilled lizards
  A goblin skeleton (D:7)
  3 goblin zombies (D:7)
  5 hobgoblin zombies (D:7)
  12 kobolds
  A leopard gecko skeleton (D:4)
  An orc skeleton (D:7)
  An orc zombie (D:7)
  10 rats
  A fungus (D:8)
225 creatures vanquished.

Notes
Turn   | Place    | Note
-------+----------+-------------------------------------------
     0 | D:1      | Alfie the Hill Orc Fighter began the quest for the Orb.
     0 | D:1      | Reached XP level 1. HP: 19/19 MP: 1/1
    81 | D:1      | Reached XP level 2. HP: 20/27 MP: 2/2
   587 | D:1      | Reached XP level 3. HP: 33/33 MP: 3/3
   846 | D:2      | Noticed Robin
   860 | D:2      | Killed Robin
   862 | D:2      | Reached XP level 4. HP: 37/40 MP: 4/4
  1013 | D:2      | Found an ancient bone altar of Kikubaaqudgha.
  1038 | D:2      | Reached XP level 5. HP: 29/46 MP: 5/5
  1265 | D:2      | Found a glowing golden altar of the Shining One.
  1273 | D:2      | Found a glowing silver altar of Zin.
  1277 | D:2      | Found a snail-covered altar of Cheibriados.
  1395 | D:3      | Reached skill level 1 in Dodging
  1493 | D:3      | Found a radiant altar of Vehumet.
  1497 | D:3      | Found a sacrificial altar of Ru.
  1503 | D:3      | Found a stormy altar of Qazlal.
  1590 | D:3      | Reached XP level 6. HP: 50/53 MP: 6/6
  1596 | D:3      | Found a hide-covered altar of Uskayaw.
  2081 | D:4      | Found Hyodirus's Armour Emporium.
  2605 | D:5      | Entered Level 5 of the Dungeon
  3002 | D:5      | Reached skill level 5 in Fighting
  3032 | D:5      | Noticed a sky beast
  3060 | D:5      | Reached XP level 7. HP: 53/61 MP: 7/7
  3262 | D:5      | Reached skill level 5 in Short Blades
  3409 | D:5      | Reached skill level 5 in Armour
  3409 | D:5      | Reached skill level 5 in Shields
  3695 | D:6      | Found a staircase to the Ecumenical Temple.
  3716 | D:6      | Reached XP level 8. HP: 47/70 MP: 8/8
  4066 | D:7      | Found a runed door.
  4070 | D:7      | Noticed Crazy Yiuf
  4074 | D:7      | Paralysed by Crazy Yiuf for 2 turns
  4078 | D:7      | Killed Crazy Yiuf
  4096 | D:7      | Got a translucent mace
  4097 | D:7      | Identified the +6 mace of the Slime-mould {crush, rElec rN++} (You found it on level 7 of the Dungeon)
  4192 | D:7      | Noticed a hippogriff
  4202 | D:7      | Killed a hippogriff
  4390 | D:7      | Reached skill level 1 in Maces & Flails
  4556 | D:7      | Reached XP level 9. HP: 71/75 MP: 9/9
  4578 | D:7      | Found a glowing golden altar of the Shining One.
  5312 | D:8      | Found a staircase to the Lair.
  5348 | D:8      | Noticed an elephant
  5374 | D:8      | Killed an elephant
  5374 | D:8      | Reached skill level 5 in Maces & Flails
  5801 | D:8      | Reached XP level 10. HP: 65/86 MP: 10/10
  5981 | Lair:1   | Entered Level 1 of the Lair of Beasts
  6058 | D:9      | Found an opulent altar of Gozag.
  6102 | D:9      | Learned a level 1 spell: Shock
  6108 | D:9      | Learned a level 4 spell: Airstrike
  6112 | D:9      | Learned a level 1 spell: Confusing Touch
  6116 | D:9      | Learned a level 3 spell: Gell's Gravitas
  6184 | D:9      | Found a basalt altar of Yredelemnul.
  6422 | D:9      | Found a staircase to the Orcish Mines.
  6563 | D:9      | Noticed a two-headed hydra
  6578 | D:9      | Killed a two-headed hydra
  6666 | D:10     | Entered Level 10 of the Dungeon
  6700 | D:10     | Noticed a two-headed ogre
  6727 | D:10     | HP: 4/88 [two-headed ogre/giant spiked club (12)]
  6728 | D:10     | Mangled by a two-headed ogre

Skill      XL: |  1  2  3  4  5  6  7  8  9 10 |
---------------+-------------------------------+-----
Fighting       | 4 5 6 7 |  7.8
Armour         | 4 5 6 7 |  7.6
Short Blades   | 3 4 5 7 |  7.0
Shields        | 4 5 7 8 |  8.7
Dodging        | 1 2 3 |  3.5
Maces & Flails | 1 6 8 |  8.7
Stealth        | |  0.3
Evocations     | |  0.6

Action                   |  1- 3 |  4- 6 |  7- 9 | 10-12 || total
-------------------------+-------+-------+-------+-------++-------
Melee: Rapier            |   126 |   321 |   142 |       ||   589
       Mace              |       |       |   238 |   176 ||   414
Evoke: Wand              |       |       |     4 |     2 ||     6
  Use: Potion            |     1 |     1 |     5 |     3 ||    10
       Scroll            |     1 |     8 |     9 |     4 ||    22
  Eat: Fruit             |       |     4 |       |       ||     4
       Bread ration      |       |     1 |     3 |       ||     4
       Royal jelly       |       |       |       |     1 ||     1
Armor: Scale mail        |    54 |   164 |   182 |    89 ||   489
Dodge: Dodged            |    28 |    91 |   128 |    80 ||   327
Block: Shield            |    69 |   172 |   264 |   132 ||   637
